 Dungeon Crawl Stone Soup version 0.30.0-10-gfe55d96785 (webtiles) character file.

Game seed: 8719368965102986708

302 qw the Chopper (level 6, -1/39 HPs)
             Began as a Gargoyle Cinder Acolyte on May 17, 2023.
             Was an Elder of Ignis.
             Slain by Edmund
             ... wielding a +5 flail of protection
              (13 damage)
             ... on level 4 of the Dungeon.
             The game lasted 00:01:43 (3765 turns).

qw the Chopper (Gargoyle Cinder Acolyte)            Turns: 3765, Time: 00:01:43

Health: -1/39      AC: 16    Str: 26    XL:     6   Next: 37%
Magic:  7/7        EV: 10    Int: 14    God:    Ignis [****..]
Gold:   196        SH:  0    Dex:  5    Spells: 7/7 levels left

rFire   + . .        f - +0 war axe
rCold   . . .        (no shield)
rNeg    + + .        n - +0 ring mail
rPois   inf          (no helmet)
rElec   +            (no cloak)
rCorr   .            (no gloves)
SInv    .            (no boots)
Will    .....        (no amulet) Stlth
                     h - ring of positive energy
HPRegen 0.26/turn    l - +6 ring of strength
MPRegen 0.10/turn

%: no passive effects
@: fiery-armoured
A: sickness immunity, AC +4, negative energy resistance 1, electricity
resistance, torment resistance 1, petrification resistance
a: Renounce Religion, Fiery Armour, Foxfire Swarm, Rising Flame


You were on level 4 of the Dungeon.
You worshipped Ignis.
Ignis was greatly pleased with you.
You visited 1 branch of the dungeon, and saw 4 of its levels.

You collected 196 gold pieces.


Innate Abilities, Weirdness & Mutations

You are immune to sickness and miasma.
Your stone body is resilient. (AC +4)
You are immune to poison.
You resist negative energy. (rN+)
You are resistant to electric shocks. (rElec)
You are resistant to unholy torment.
You are immune to petrification.


   Skills:
 - Level 4.4 Fighting
 + Level 5.5 Axes
 - Level 1.9 Armour
 - Level 1.0 Spellcasting
 - Level 3.0 Fire Magic


You had 7 spell levels left.
You didn't know any spells.
Your spell library contained the following spells:

 Spells                   Type           Power      Damage    Failure   Level
 Scorch                   Fire           18%        2d6       17%         2

Inventory:

Hand Weapons
 f - a +0 war axe (weapon)
 Y - a -1 hand axe of flaming
Missiles
 g - 5 boomerangs (quivered)
Armour
 a - a +4 ring mail
 e - a +0 chain mail
 k - a +0 plate armour
 n - a +0 ring mail (worn)
Jewellery
 h - a ring of positive energy (left hand)
 l - a +6 ring of strength (right hand)
Scrolls
 m - a scroll of identify
Potions
 b - a potion of haste
 c - a potion of cancellation
 d - 2 potions of curing
 i - a potion of mutation
 j - a potion of flight {unknown}

Dungeon Overview and Level Annotations

Branches:
Dungeon (4/15)
 Temple: D:4-7

Altars:

Annotations:
D:4 Edmund


Message History

Edmund hits you but does no damage.
You barely miss Edmund.
Edmund is lightly wounded.
Edmund hits you but does no damage.
You closely miss Edmund.
Edmund is lightly wounded.
Edmund hits you with a +5 flail of protection.
You hit Edmund.
Edmund is lightly wounded.
Edmund hits you with a +5 flail of protection.
Edmund is burned by your cloak of flames.
Edmund is moderately wounded.
Edmund misses you.
You hit Edmund but do no damage.
Edmund is moderately wounded.
Edmund closely misses you.
You hit Edmund.
Edmund is moderately wounded.
Edmund hits you but does no damage.
You barely miss Edmund.
Edmund is moderately wounded.
Edmund hits you with a +5 flail of protection.
Edmund is burned by your cloak of flames.
Edmund is moderately wounded.
You slash Edmund!
Edmund is heavily wounded.
Edmund says, "People think my brother is the best.
I think he's crazy."
Edmund misses you. Edmund hits you but does no damage.
Edmund is burned by your cloak of flames.
Edmund is severely wounded.
You hit Edmund but do no damage.
Edmund is severely wounded.
Edmund gestures with his flail.
Edmund hits you but does no damage.
Edmund is burned by your cloak of flames.
Edmund is severely wounded.
You hit Edmund but do no damage.
Edmund is severely wounded.
Edmund hits you with a +5 flail of protection!
You die...

#.. #.. #.. #.#
#.# # ###.##.#
#...@..# #..@#
#$..# #...#
##############
###.#
#............. #.#
#......P#####.
#.###.#######...#.
#...#.#..#..#..(#.
###...#..'..##)##.
#...####)##.....


You could see Edmund.

Vanquished Creatures
  A jelly (D:3)
  2 orc priests (D:4)
  Natasha (thrice) (D:3)
  5 adders
  A dart slug (D:1)
  13 orcs
  6 endoplasms
  2 giant cockroaches (D:4)
  8 hobgoblins
  8 jackals
  4 kobolds (D:1)
  4 quokkas
  5 ball pythons
  3 bats
  8 goblins
  5 rats
78 creatures vanquished.

Notes
Turn   | Place    | Note
-------+----------+-------------------------------------------
     0 | D:1      | qw the Gargoyle Cinder Acolyte began the quest for the Orb.
     0 | D:1      | Reached XP level 1. HP: 14/14 MP: 2/2
     0 | D:1      | 0 ||| qw: Version: 0.2-a-95-g816fdde
     0 | D:1      | 0 ||| qw: Game counter: 81
     0 | D:1      | 0 ||| qw: Always use a shield: true
     0 | D:1      | 0 ||| qw: God list: Okawaru
     0 | D:1      | 0 ||| qw: Allow faded altars: false
     0 | D:1      | 0 ||| qw: Do Orc after D:15 true
     0 | D:1      | 0 ||| qw: Do second Lair branch before Depths: true
     0 | D:1      | 0 ||| qw: Lair rune preference: random
     0 | D:1      | 0 ||| qw: Plans: Normal
     0 | D:1      | 0 ||| PLANNING D:1-11
    42 | D:1      | Reached skill level 3 in Axes
   152 | D:1      | Reached XP level 2. HP: 17/19 MP: 3/3
   205 | D:1      | 205 ||| Stepping ~*~*~tactically~*~*~ (hiding).
   725 | D:1      | Found a faded altar of an unknown god.
   962 | D:1      | 962 ||| UPGRADING to +0 leather armour.
   972 | D:1      | 972 ||| DROPPING +0 robe.
   973 | D:1      | 973 ||| UPGRADING to ring of positive energy.
   974 | D:1      | 974 ||| READING scroll labelled WOWOVESHRYR.
   975 | D:1      | 975 ||| READING scroll labelled SELEOROKLI.
   980 | D:1      | 980 ||| DRINKING 3 coppery potions.
  1250 | D:2      | Reached XP level 3. HP: 21/23 MP: 4/4
  1253 | D:2      | 1253 ||| Stepping ~*~*~tactically~*~*~ (stealth).
  1254 | D:2      | 1254 ||| Stepping ~*~*~tactically~*~*~ (stealth).
  1437 | D:2      | Reached skill level 4 in Axes
  1847 | D:2      | 1847 ||| UPGRADING to +0 ring mail.
  1857 | D:2      | 1857 ||| DROPPING +0 leather armour.
  1858 | D:2      | 1858 ||| UPGRADING to +6 ring of strength.
  1859 | D:2      | 1859 ||| DROPPING ring of wizardry.
  1860 | D:2      | 1860 ||| READING scroll labelled VITOH WENUEK.
  1861 | D:2      | 1861 ||| READING 2 scrolls labelled GEEKAKL KUHYO.
  1862 | D:2      | 1862 ||| READING scroll labelled SUANTAU OSULOMP.
  1878 | D:2      | 1878 ||| READING scroll labelled PUSTREI PAROL.
  1879 | D:2      | 1879 ||| READING scroll labelled MEOCLU WEBLOOL.
  1880 | D:2      | 1880 ||| READING scroll labelled WOPNOVVODA.
  1881 | D:2      | 1881 ||| READING 3 scrolls of identify.
  1881 | D:2      | 1881 ||| IDENTIFYING puce potion
  1882 | D:2      | 1882 ||| READING 2 scrolls of identify.
  1882 | D:2      | 1882 ||| IDENTIFYING smoky pink potion
  1883 | D:2      | 1883 ||| DROPPING scroll of fog.
  1884 | D:2      | 1884 ||| DROPPING potion of degeneration.
  1996 | D:3      | Reached XP level 4. HP: 28/28 MP: 5/5
  2100 | D:3      | Noticed Natasha
  2120 | D:3      | 2120 ||| INVOKING Fiery Armour.
  2121 | D:3      | HP: 5/28 [Natasha (4)]
  2122 | D:3      | HP: 1/28 [Natasha (4)]
  2123 | D:3      | Killed Natasha
  2124 | D:3      | Reached skill level 1 in Armour
  2216 | D:3      | Noticed Natasha
  2224 | D:3      | Killed Natasha
  2243 | D:3      | Reached XP level 5. HP: 31/32 MP: 6/6
  2291 | D:3      | Noticed Natasha
  2304 | D:3      | Killed Natasha
  2395 | D:3      | Reached skill level 5 in Axes
  2797 | D:3      | 2797 ||| Stepping ~*~*~tactically~*~*~ (stealth).
  2800 | D:3      | 2800 ||| Stepping ~*~*~tactically~*~*~ (stealth).
  2895 | D:3      | 2895 ||| Stepping ~*~*~tactically~*~*~ (stealth).
  3189 | D:3      | 3189 ||| READING scroll labelled LAUDEE FUIX.
  3290 | D:3      | 3290 ||| READING 2 scrolls labelled JEKIEHA TOOSOH.
  3291 | D:3      | 3291 ||| READING scroll labelled RINEAKK KAOCZU.
  3292 | D:3      | 3292 ||| DRINKING 2 sapphire potions.
  3293 | D:3      | 3293 ||| READING 2 scrolls of identify.
  3293 | D:3      | 3293 ||| IDENTIFYING lumpy ruby potion
  3294 | D:3      | 3294 ||| DROPPING scroll of fear.
  3351 | D:4      | 3351 ||| PLANNING SEWER
  3357 | D:4      | 3357 ||| INVOKING Fiery Armour.
  3368 | D:4      | Reached XP level 6. HP: 21/39 MP: 7/7
  3371 | D:4      | HP: 7/39 [orc/+0 mace (4)]
  3534 | D:4      | 3534 ||| SWAPPING to +0 war axe.
  3750 | D:4      | Noticed Edmund
  3754 | D:4      | 3754 ||| INVOKING Fiery Armour.
  3765 | D:4      | Slain by Edmund

Levels and vault maps discovered:
D:1:      roderic_crop_circles_arrival_small, layout_basic,
          shapermc_ecumenical_altar_petra, solitary_fountain
D:2:      layout_loops_ring, minmay_misc_feat_x
D:3:      layout_basic, uniq_natasha
D:4:      corexii_shack_village, layout_basic,
          nicolae_hepliaklqana_monster_ancestors, gup_sewer_entry_bubbles,
          uniq_edmund

Skill      XL: |  1  2  3  4  5 |
---------------+----------------+-----
Axes           | 3 4 5 |  5.5
Armour         | 1 |  1.9
Fighting       | 4 |  4.4
Spellcasting   | |  1.0
Fire Magic     | |  3.0

Action                     |  1- 3 |  4- 6 || total
---------------------------+-------+-------++-------
  Melee: Hand axe          |   129 |   122 ||   251
         Punch             |     1 |     1 ||     2
         War axe           |       |    58 ||    58
  Throw: Boomerang         |       |    12 ||    12
 Invoke: Fiery Armour      |       |     3 ||     3
    Use: Scroll            |    10 |     4 ||    14
         Potion            |     1 |     1 ||     2
 Armour: Robe              |    15 |       ||    15
         Leather armour    |    33 |       ||    33
         Ring mail         |       |    94 ||    94
  Dodge: Dodged            |    72 |    96 ||   168

Table legend:
 A = Non-vault XP
 B = Vault XP
 C = Vault XP percentage of total XP
 D = Non-vault monster count
 E = Vault monster count
 F = Vault count percentage of total count
                 A         B        C        D         E       F
            +---------+---------+-------+---------+---------+-------
      Total |     373 |      59 |  13.7 |      66 |      12 |  15.4
            +---------+---------+-------+---------+---------+-------
        D:1 |      29 |       0 |   0.0 |      18 |       0 |   0.0
        D:2 |      50 |       0 |   0.0 |      15 |       0 |   0.0
        D:3 |     171 |      35 |  17.0 |      20 |       1 |   4.8
        D:4 |     123 |      24 |  16.3 |      13 |      11 |  45.8
            +---------+---------+-------+---------+---------+-------
